TOP OF THE 1ST |
Biloxi Shuckers batting - Pitching for Atlantic City Sonics : RHP Gaberiela Tatafu
|
Pitching: RHP Gaberiela Tatafu
|
|
Batting: RHB Raúl Yánez
|
0-0: Called Strike 0-1: Ground out 6-3 (Groundball, 6, EV 106.2 MPH)
|
Batting: RHB Ricardo Ojíto
|
0-0: SINGLE (Groundball, 56D, EV 98.1 MPH)
|
Batting: RHB Habib Othman
|
0-0: Ball 1-0: Called Strike 1-1: Fly out, F8 (Flyball, 8RS, EV 96.2 MPH)
|
Batting: RHB Guan-xiu Long
|
0-0: Ground out 4-3 (Groundball, 34, EV 83.1 MPH)
|
Top of the 1st over - 0 runs, 1 hit, 0 errors, 1 left on base; Biloxi 0 - Atlantic City 0 |
BOTTOM OF THE 1ST |
Atlantic City Sonics batting - Pitching for Biloxi Shuckers : RHP Kevin Hamm
|
Pitching: RHP Kevin Hamm
|
|
Batting: RHB Jerry Scott
|
0-0: Foul Ball, location: 2F 0-1: Ball 1-1: Ball 2-1: Foul Ball, location: 2F 2-2: Ball 3-2: Fly out, F8 (Flyball, 8LM, EV 87.5 MPH)
|
Batting: RHB Román Ramírez
|
0-0: Called Strike 0-1: Foul Ball, location: 2F 0-2: Foul Ball, location: 2F 0-2: DOUBLE (Flyball, 89D, EV 109.4 MPH)
|
Batting: RHB Zhong-yan Zhang
|
0-0: Called Strike 0-1: Ball 1-1: Foul Ball, location: 2F 1-2: Foul Ball, location: 2F 1-2: Ground out 2-3 (Groundball, 15S, EV 63.8 MPH) Román Ramírez to third
|
Batting: SHB John Clements
|
0-0: Foul Ball, location: 2F 0-1: Ball 1-1: Ball 2-1: Called Strike 2-2: Fly out, F8 (Line Drive, 8LM, EV 97.5 MPH)
|
Bottom of the 1st over - 0 runs, 1 hit, 0 errors, 1 left on base; Biloxi 0 - Atlantic City 0 |
TOP OF THE 2ND |
Biloxi Shuckers batting - Pitching for Atlantic City Sonics : RHP Gaberiela Tatafu
|
Batting: RHB Randy Moore
|
0-0: Foul Ball, location: 2F 0-1: Foul Ball, location: 2F 0-2: Strikes out swinging
|
Batting: RHB Tyler Namaes
|
0-0: Foul Ball, location: 2F 0-1: Foul Ball, location: 2F 0-2: Ball 1-2: Ball 2-2: Foul Ball, location: 2F 2-2: Ball 3-2: Foul Ball, location: 2F 3-2: Foul Ball, location: 2F 3-2: Foul Ball, location: 2F 3-2: Foul Ball, location: 2F 3-2: Foul Ball, location: 2F 3-2: Foul Ball, location: 2F 3-2: Fly out, F8 (Flyball, 8LXD, EV 96.2 MPH)
|
Batting: RHB Rickard Busald
|
0-0: Reached on error, E5 (Groundball, 56, EV 105.0 MPH)
|
Batting: RHB Joselito Amengual
|
0-0: Foul Ball, location: 2F 0-1: Swinging Strike 0-2: Strikes out swinging
|
Top of the 2nd over - 0 runs, 0 hits, 1 error, 1 left on base; Biloxi 0 - Atlantic City 0 |
BOTTOM OF THE 2ND |
Atlantic City Sonics batting - Pitching for Biloxi Shuckers : RHP Kevin Hamm
|
Batting: RHB Garm van Opdorp
|
0-0: Swinging Strike 0-1: Ground out 5-3 (Groundball, 5S, EV 87.5 MPH)
|
Batting: RHB Guillermo Alessandrini
|
0-0: Foul Ball, location: 2F 0-1: Foul Ball, location: 2F 0-2: Ball 1-2: Ball 2-2: Ball 3-2: Reached on error, E5 (Groundball, 56S, EV 87.5 MPH)
|
Batting: LHB Travis Gilliam
|
0-0: Called Strike 0-1: Fielders Choice at 2nd, 1-6 (Groundball, P, EV 81.2 MPH)
|
Batting: LHB Jorge Quilez
|
0-0: Called Strike 0-1: Called Strike 0-2: Strikes out swinging
|
Bottom of the 2nd over - 0 runs, 0 hits, 1 error, 1 left on base; Biloxi 0 - Atlantic City 0 |
TOP OF THE 3RD |
Biloxi Shuckers batting - Pitching for Atlantic City Sonics : RHP Gaberiela Tatafu
|
Batting: RHB Pablo Morterero
|
0-0: Ball 1-0: Ground out 5-3 (Groundball, 56, EV 82.5 MPH)
|
Batting: RHB Raúl Yánez
|
0-0: Called Strike 0-1: Foul Ball, location: 2F 0-2: Ball 1-2: Strikes out swinging
|
Batting: RHB Ricardo Ojíto
|
0-0: Foul Ball, location: 2F 0-1: Ground out 4-3 (Groundball, 34, EV 103.1 MPH)
|
Top of the 3rd over - 0 runs, 0 hits, 0 errors, 0 left on base; Biloxi 0 - Atlantic City 0 |
BOTTOM OF THE 3RD |
Atlantic City Sonics batting - Pitching for Biloxi Shuckers : RHP Kevin Hamm
|
Batting: RHB Jared Guth
|
0-0: Foul Ball, location: 2F 0-1: Ball 1-1: Foul Ball, location: 2F 1-2: SINGLE (Groundball, 56, EV 106.2 MPH) (infield hit)
|
Batting: RHB Jerry Scott
|
0-0: Foul Ball, location: 2F 0-1: Ball 1-1: 2-RUN HOME RUN (Flyball, 7D, EV 86.9 MPH), Distance : 383 ft
|
Batting: RHB Román Ramírez
|
0-0: Ball 1-0: SINGLE (Groundball, 4MD, EV 103.1 MPH)
|
Batting: RHB Zhong-yan Zhang
|
0-0: Swinging Strike 0-1: Called Strike 0-2: Ball 1-2: Strikes out swinging
|
Batting: SHB John Clements
|
0-0: Foul Ball, location: 2F 0-1: Ball 1-1: Ball 2-1: 2-RUN HOME RUN (Flyball, 9LD, EV 95.0 MPH), Distance : 348 ft
|
Batting: RHB Garm van Opdorp
|
0-0: Called Strike 0-1: DOUBLE (Line Drive, 9LS, EV 93.8 MPH)
|
Batting: RHB Guillermo Alessandrini
|
0-0: Ball 1-0: Ball 2-0: Fly out, F9 (Flyball, 9LS, EV 82.5 MPH)
|
Batting: LHB Travis Gilliam
|
0-0: Ball 1-0: Called Strike 1-1: Ground out U3 (Groundball, 34, EV 100.0 MPH)
|
Bottom of the 3rd over - 4 runs, 5 hits, 0 errors, 1 left on base; Biloxi 0 - Atlantic City 4 |
TOP OF THE 4TH |
Biloxi Shuckers batting - Pitching for Atlantic City Sonics : RHP Gaberiela Tatafu
|
Batting: RHB Habib Othman
|
0-0: Foul Ball, location: 2F 0-1: Ground out 1-3 (Groundball, 13, EV 76.9 MPH)
|
Batting: RHB Guan-xiu Long
|
0-0: Called Strike 0-1: Foul Ball, location: 2F 0-2: Ground out U3 (Groundball, 3L, EV 78.8 MPH)
|
Batting: RHB Randy Moore
|
0-0: Swinging Strike 0-1: Fly out, F8 (Flyball, 89D, EV 93.8 MPH)
|
Top of the 4th over - 0 runs, 0 hits, 0 errors, 0 left on base; Biloxi 0 - Atlantic City 4 |
BOTTOM OF THE 4TH |
Atlantic City Sonics batting - Pitching for Biloxi Shuckers : RHP Kevin Hamm
|
Batting: LHB Jorge Quilez
|
0-0: Ball 1-0: Ball 2-0: Ball 3-0: Base on Balls
|
Batting: RHB Jared Guth
|
0-0: Foul Ball, location: 2F 0-1: Ball 1-1: Called Strike 1-2: Ball 2-2: Foul Ball, location: 2F 2-2: Ball 3-2: SINGLE (Line Drive, 7S, EV 91.9 MPH) Jorge Quilez to second
|
Batting: RHB Jerry Scott
|
0-0: Foul Ball, location: 2F 0-1: Foul Ball, location: 2F 0-2: Fielders Choice at 2nd, 4-6 (Groundball, 4, EV 103.8 MPH) Jorge Quilez to third
|
Batting: RHB Román Ramírez
|
0-0: Foul Ball, location: 2F 0-1: Grounds into double play, 5-4-3 (Groundball, 56, EV 84.4 MPH)
|
Bottom of the 4th over - 0 runs, 1 hit, 0 errors, 1 left on base; Biloxi 0 - Atlantic City 4 |
TOP OF THE 5TH |
Biloxi Shuckers batting - Pitching for Atlantic City Sonics : RHP Gaberiela Tatafu
|
Batting: RHB Tyler Namaes
|
0-0: Ball 1-0: Called Strike 1-1: Ball 2-1: Swinging Strike 2-2: Foul Ball, location: 2F 2-2: Strikes out swinging
|
Batting: RHB Rickard Busald
|
0-0: Fly out, F9 (Flyball, 9D, EV 86.9 MPH)
|
Batting: RHB Joselito Amengual
|
0-0: Foul Ball, location: 2F 0-1: Ball 1-1: SINGLE (Line Drive, 4MD, EV 96.2 MPH)
|
Batting: RHB Pablo Morterero
|
0-0: Ball 1-0: Swinging Strike 1-1: Ball 2-1: Fielders Choice at 2nd, 6-4 (Groundball, 6, EV 83.8 MPH)
|
Top of the 5th over - 0 runs, 1 hit, 0 errors, 1 left on base; Biloxi 0 - Atlantic City 4 |
BOTTOM OF THE 5TH |
Atlantic City Sonics batting - Pitching for Biloxi Shuckers : RHP Kevin Hamm
|
Batting: RHB Zhong-yan Zhang
|
0-0: Ball 1-0: Swinging Strike 1-1: SINGLE (Line Drive, 34, EV 105.0 MPH)
|
Batting: SHB John Clements
|
0-0: Ball 1-0: Fly out, F6 (Popup, 6MD, EV 62.5 MPH)
|
Batting: RHB Garm van Opdorp
|
0-0: Foul Ball, location: 2F 0-1: Ball 1-1: Ball 2-1: Called Strike 2-2: Ball 3-2: Foul Ball, location: 2F 3-2: Base on Balls Zhong-yan Zhang to second
|
Batting: RHB Guillermo Alessandrini
|
0-0: Foul Ball, location: 2F 0-1: Ball 1-1: Foul Ball, location: 2F 1-2: Fly out, F8 (Line Drive, 8LM, EV 96.9 MPH)
|
Batting: LHB Travis Gilliam
|
0-0: Foul Ball, location: 2F 0-1: Ball 1-1: Foul Ball, location: 2F 1-2: SINGLE (Groundball, 56D, EV 95.6 MPH) Zhong-yan Zhang to third Garm van Opdorp to second Runner from 3rd tries for Home, SAFE, throw by LF to home
|
Pitching: LHP Richard Nudelman
|
|
Batting: LHB Jorge Quilez
|
0-0: Ball 1-0: Swinging Strike 1-1: Fly out, F9 (Flyball, 9D, EV 85.0 MPH)
|
Bottom of the 5th over - 1 run, 2 hits, 0 errors, 2 left on base; Biloxi 0 - Atlantic City 5 |
TOP OF THE 6TH |
Biloxi Shuckers batting - Pitching for Atlantic City Sonics : RHP Gaberiela Tatafu
|
Batting: RHB Raúl Yánez
|
0-0: Ball 1-0: Ball 2-0: Ball 3-0: Base on Balls
|
Batting: RHB Ricardo Ojíto
|
0-0: Ball 1-0: Swinging Strike 1-1: Ball 2-1: Ball 3-1: Called Strike 3-2: Foul Ball, location: 2F 3-2: Strikes out swinging Raúl Yánez steals 2nd base (no throw) Batter strikes out.
|
Batting: RHB Habib Othman
|
0-0: Ball 1-0: Ball 2-0: Ball Raúl Yánez is caught stealing 3rd base 2-5 3-0: Called Strike 3-1: SINGLE (Groundball, 6D, EV 109.4 MPH)
|
Batting: RHB Guan-xiu Long
|
0-0: Ball 1-0: Ball 2-0: Called Strike 2-1: DOUBLE (Flyball, 89D, EV 99.4 MPH) Habib Othman to third
|
Batting: RHB Randy Moore
|
0-0: Ball 1-0: Called Strike 1-1: Ball 2-1: Called Strike 2-2: Foul Ball, location: 2F 2-2: Strikes out swinging
|
Top of the 6th over - 0 runs, 2 hits, 0 errors, 2 left on base; Biloxi 0 - Atlantic City 5 |
BOTTOM OF THE 6TH |
Atlantic City Sonics batting - Pitching for Biloxi Shuckers : LHP Richard Nudelman
|
Batting: RHB Jared Guth
|
0-0: Ball 1-0: Called Strike 1-1: Foul Ball, location: 2F 1-2: Foul Ball, location: 2F 1-2: Foul Ball, location: 2F 1-2: Strikes out looking
|
Batting: RHB Jerry Scott
|
0-0: Called Strike 0-1: SINGLE (Line Drive, 6MD, EV 96.9 MPH)
|
Batting: RHB Román Ramírez
|
0-0: Called Strike 0-1: Ball 1-1: Ball 2-1: Ball 3-1: Foul Ball, location: 2F 3-2: Base on Balls Jerry Scott to second
|
Batting: RHB Zhong-yan Zhang
|
0-0: Ball 1-0: Called Strike 1-1: Ball 2-1: Fly out, F7 (Flyball, 7, EV 73.8 MPH)
|
Batting: SHB John Clements
|
0-0: Ball 1-0: Foul Ball, location: 2F 1-1: Ball 2-1: Swinging Strike 2-2: Strikes out swinging
|
Bottom of the 6th over - 0 runs, 1 hit, 0 errors, 2 left on base; Biloxi 0 - Atlantic City 5 |
TOP OF THE 7TH |
Biloxi Shuckers batting - Pitching for Atlantic City Sonics : RHP Gaberiela Tatafu
|
Batting: RHB Tyler Namaes
|
0-0: Ball 1-0: Fly out, F3 (Line Drive, 3, EV 65.6 MPH)
|
Batting: RHB Rickard Busald
|
0-0: DOUBLE (Line Drive, 7LM, EV 108.8 MPH)
|
Batting: RHB Joselito Amengual
|
0-0: Called Strike 0-1: Swinging Strike 0-2: Ball 1-2: Strikes out swinging
|
Batting: RHB Pablo Morterero
|
0-0: Ball 1-0: Ball 2-0: Called Strike 2-1: Ball 3-1: Base on Balls
|
Batting: RHB Raúl Yánez
|
0-0: Called Strike 0-1: Foul Ball, location: 2F 0-2: Ball 1-2: Strikes out swinging
|
Top of the 7th over - 0 runs, 1 hit, 0 errors, 2 left on base; Biloxi 0 - Atlantic City 5 |
BOTTOM OF THE 7TH |
Atlantic City Sonics batting - Pitching for Biloxi Shuckers : LHP Richard Nudelman
|
Batting: RHB Garm van Opdorp
|
0-0: Ball 1-0: Ball 2-0: Ball 3-0: Swinging Strike 3-1: Base on Balls
|
Batting: RHB Guillermo Alessandrini
|
0-0: Ball 1-0: Ball 2-0: SINGLE (Groundball, 56D, EV 96.9 MPH) Garm van Opdorp to second
|
Batting: LHB Travis Gilliam
|
0-0: Sac Bunt to 3S - play at first, batter safe! Garm van Opdorp to third Guillermo Alessandrini to second
|
Batting: LHB Jorge Quilez
|
0-0: DOUBLE (Groundball, 5L, EV 100.6 MPH) Garm van Opdorp scores Guillermo Alessandrini scores Travis Gilliam to third
|
Batting: RHB Jared Guth
|
0-0: Ball 1-0: Swinging Strike 1-1: Foul Ball, location: 2F 1-2: Ball 2-2: Foul Ball, location: 2F 2-2: Fly out, F8 (Line Drive, 8LD, EV 86.2 MPH) Runner from 3rd tags up, SCORES, throw by CF
|
Batting: RHB Jerry Scott
|
0-0: Ball 1-0: 2-RUN HOME RUN (Flyball, 89XD, EV 92.5 MPH), Distance : 390 ft
|
Pitching: RHP Richard Tipton
|
|
Batting: RHB Román Ramírez
|
0-0: Ball 1-0: Foul Ball, location: 2F 1-1: Fly out, F9 (Flyball, 9, EV 90.6 MPH)
|
Batting: RHB Zhong-yan Zhang
|
0-0: Called Strike 0-1: Ball 1-1: Called Strike 1-2: Strikes out swinging
|
Bottom of the 7th over - 5 runs, 4 hits, 0 errors, 0 left on base; Biloxi 0 - Atlantic City 10 |
TOP OF THE 8TH |
Biloxi Shuckers batting - Pitching for Atlantic City Sonics : RHP Gaberiela Tatafu
|
Batting: RHB Ricardo Ojíto
|
0-0: Foul Ball, location: 2F 0-1: Fly out, F3 (Popup, 3S, EV 76.9 MPH)
|
Batting: RHB Habib Othman
|
0-0: Ball 1-0: Ball 2-0: Foul Ball, location: 2F 2-1: SINGLE (Line Drive, 7S, EV 94.4 MPH)
|
Batting: RHB Guan-xiu Long
|
0-0: Foul Ball, location: 2RF, Error on foul ball, E2 0-1: Ball 1-1: Ball 2-1: Foul Ball, location: 2F 2-2: Ball 3-2: Fielders Choice at 2nd, 5-4 (Groundball, 56S, EV 90.6 MPH)
|
Pitching: LHP Einar Engberg
|
|
Pinch Hitting: RHB Emílio Vivas
|
0-0: Foul Ball, location: 2F 0-1: Swinging Strike 0-2: Strikes out swinging
|
Top of the 8th over - 0 runs, 1 hit, 1 error, 1 left on base; Biloxi 0 - Atlantic City 10 |
BOTTOM OF THE 8TH |
Atlantic City Sonics batting - Pitching for Biloxi Shuckers : RHP Richard Tipton
|
Now in LF: Emílio Vivas
|
|
Batting: SHB John Clements
|
0-0: Called Strike 0-1: Fly out, F9 (Flyball, 9D, EV 104.4 MPH)
|
Batting: RHB Garm van Opdorp
|
0-0: Ball 1-0: Swinging Strike 1-1: Called Strike 1-2: Ball 2-2: Foul Ball, location: 2F 2-2: Foul Ball, location: 2F 2-2: Foul Ball, location: 2F 2-2: Ground out 4-3 (Groundball, 4M, EV 80.6 MPH)
|
Batting: RHB Guillermo Alessandrini
|
0-0: Fly out, F8 (Line Drive, 8RD, EV 101.9 MPH)
|
Bottom of the 8th over - 0 runs, 0 hits, 0 errors, 0 left on base; Biloxi 0 - Atlantic City 10 |
TOP OF THE 9TH |
Biloxi Shuckers batting - Pitching for Atlantic City Sonics : LHP Einar Engberg
|
Batting: RHB Tyler Namaes
|
0-0: Called Strike 0-1: Foul Ball, location: 2F 0-2: Foul Ball, location: 2F 0-2: Foul Ball, location: 2F 0-2: Ball 1-2: Ground out 6-3 (Groundball, 6, EV 87.5 MPH)
|
Batting: RHB Rickard Busald
|
0-0: Ground out 4-3 (Groundball, 34, EV 105.6 MPH)
|
Batting: RHB Joselito Amengual
|
0-0: Ball 1-0: Foul Ball, location: 2F 1-1: Fly out, F9 (Flyball, 89D, EV 106.9 MPH)
|
Top of the 9th over - 0 runs, 0 hits, 0 errors, 0 left on base; Biloxi 0 - Atlantic City 10 |
|